 Dungeon Crawl Stone Soup version 0.31-a0-543-geaa9c7a2c0 (webtiles) character file.

Game seed: 9491993083577984710

21192 AdnanSaban the Basher (level 12, -14/77 HPs)
             Began as a Gargoyle Fighter on Aug 15, 2023.
             Was a High Priest of Okawaru.
             Demolished by a spectral orc knight
             ... wielding a +0 war axe
             ... summoned by Nergalle
              (15 damage)
             ... on level 1 of the Lair of Beasts.
             The game lasted 00:23:08 (15300 turns).

AdnanSaban the Basher (Gargoyle Fighter)           Turns: 15300, Time: 00:23:08

Health: -14/77     AC: 38    Str: 26    XL:     12   Next: 87%
Magic:  0/17       EV:  7    Int: 11    God:    Okawaru [*****.]
Gold:   955        SH: 12    Dex: 15    Spells: 11/11 levels left

rFire   + . .        Q - +1 flail (protect)
rCold   . . .        b - +0 kite shield
rNeg    + . .        B - +0 plate armour "Fubukhlorch" {rElec rF+ Str+3 Stlth-}
rPois   ∞            n - +0 helmet
rElec   +            G - +1 cloak
rCorr   .            R - +1 pair of gloves {infuse}
SInv    +            P - +0 pair of boots
Will    .....        (no amulet) Stlth
                     h - +6 ring of dexterity
HPRegen 0.32/turn    M - ring of see invisible
MPRegen 0.15/turn

%: no passive effects
@: under a protective aura
A: sickness immunity, AC +8, negative energy resistance 1, electricity
resistance, torment resistance 1, petrification resistance
a: Renounce Religion, Heroism, Finesse, Duel


You were on level 1 of the Lair of Beasts.
You worshipped Okawaru.
Okawaru was extremely pleased with you.
You visited 2 branches of the dungeon, and saw 13 of its levels.
You also visited: Sewer and Ossuary.

You collected 955 gold pieces.

Inventory:

Hand Weapons
 Q - a +1 flail of protection (weapon)
Missiles
 k - 4 javelins
 q - 15 atropa-tipped darts
 y - 11 boomerangs (quivered)
 H - 6 curare-tipped darts
 O - 18 poisoned darts
Armour
 b - a +0 kite shield (worn)
 n - a +0 helmet (worn)
 B - the +0 plate armour "Fubukhlorch" (worn) {rElec rF+ Str+3 Stlth-}
   (You found it on level 4 of the Dungeon)

   Str+3:     It affects your strength (+3).
   rF+:       It protects you from fire.
   rElec:     It insulates you from electricity.
   Stlth-:    It makes you less stealthy.
 G - a +1 cloak (worn)
 P - a +0 pair of boots (worn)
 R - a +1 pair of gloves of infusion (worn)
Jewellery
 h - a +6 ring of dexterity (left hand)
 M - a ring of see invisible (right hand)
Scrolls
 a - a scroll of immolation {unknown}
 f - a scroll of acquirement {unknown}
 g - 8 scrolls of teleportation {unknown}
 j - 4 scrolls of enchant weapon {unknown}
 p - 13 scrolls of identify {unknown}
 u - a scroll of noise {unknown}
 v - 2 scrolls of fear {unknown}
 w - 2 scrolls of enchant armour {unknown}
 A - 2 scrolls of brand weapon {unknown}
 E - 2 scrolls of vulnerability {unknown}
 I - a scroll of torment {unknown}
 K - 3 scrolls of silence {unknown}
Potions
 d - 5 potions of might
 e - 4 potions of curing
 i - 2 potions of haste {unknown}
 l - a potion of invisibility {unknown}
 o - 2 potions of lignification {unknown}
 r - 4 potions of mutation {unknown}
 s - 2 potions of heal wounds {unknown}
 t - a potion of berserk rage {unknown}
 x - a potion of cancellation {unknown}
 z - 2 potions of magic {unknown}
 C - 5 potions of attraction {unknown}
 D - 7 potions of degeneration {unknown}
 F - 2 potions of brilliance {unknown}


   Skills:
 + Level 9.8 Fighting
 + Level 12.8 Maces & Flails
 + Level 2.1 Throwing
 + Level 9.8 Armour
 + Level 2.2 Dodging
 + Level 1.2 Stealth
 + Level 10.8 Shields
 * Level 7.0 Invocations


You had 11 spell levels left.
You didn't know any spells.
Your spell library contained the following spells:

 Spells                   Type           Power      Damage    Failure   Level
 Apportation              Tloc           0%         N/A       99%         1
 Necrotise                Necr           0%         1d4       99%         1
 Portal Projectile        Hex/Tloc       0%         N/A       100%        3
 Vhi's Electric Charge    Tloc/Air       0%         N/A       100%        3
 Volatile Blastmotes      Fire/Tloc      0%         2d10      100%        3
 Anguish                  Hex/Necr       0%         N/A       100%        4
 Cause Fear               Hex            0%         N/A       100%        4
 Fulminant Prism          Conj/Hex       0%         3d5       100%        4
 Iskenderun's Mystic Bla  Conj/Tloc      0%         2d3       100%        4
 Passage of Golubria      Tloc           0%         N/A       100%        4
 Arcjolt                  Conj/Air       0%         1d10      100%        5
 Silence                  Hex/Air        0%         N/A       100%        5
 Plasma Beam              Fire/Air       0%         2x1d10    100%        6
 Enfeeble                 Hex            0%         N/A       100%        7
 Lehudib's Crystal Spear  Conj/Erth      0%         10d2      100%        8
 Maxwell's Capacitive Co  Air            0%         ∞         100%        8
 Summon Small Mammal      Summ           Unusable   N/A       N/A         1
 Tukima's Dance           Hex            Unusable   N/A       N/A         3

Dungeon Overview and Level Annotations

Branches:
Dungeon (12/15)            Temple (0/1) D:5            Lair (1/5) D:8
    Orc (0/2) D:12          Sewer (visited)         Ossuary (visited)

Altars:
Elyvilon
Fedhas
Hepliaklqana
Nemelex Xobeh
Okawaru
Sif Muna
Trog
Vehumet
Wu Jian
Yredelemnul

Shops:
D:2 *?=[?   D:6 !*=

Portals:
Trove: D:12 (give 3 potions of resistance)

Annotations:
D:2 1 runed translucent door, Crazy Yiuf
Lair:1 Nergalle


Innate Abilities, Weirdness & Mutations

You are immune to sickness and miasma.
Your stone body is resilient. (AC +8)
You are immune to poison.
You resist negative energy. (rN+)
You are resistant to electric shocks. (rElec)
You are resistant to unholy torment.
You are immune to petrification.


Message History

You block the spectral orc warrior's attack.
The spectral orc knight hits you but does no damage.
You block the spectral orc's attack. The yak completely misses you.
The yak gores you but does no damage.
Nergalle points at you and mumbles some strange words.
Orcish apparitions take form around you.
You hit the yak.
The yak is lightly wounded.
The spectral orc warrior barely misses you.
The spectral orc knight hits you but does no damage.
You block the spectral orc's attack. The yak barely misses you.
You block the yak's attack.
You barely miss the yak.
The yak is lightly wounded.
The spectral orc knight hits you but does no damage.
The spectral orc warrior barely misses you.
You hit the yak.
The yak is moderately wounded.
The spectral orc hits you but does no damage.
The yak gores you but does no damage.
The spectral orc knight hits you with a +0 war axe!
* * * LOW HITPOINT WARNING * * *
You block the spectral orc warrior's attack.
You hit the yak.
The yak is moderately wounded.
You block the spectral orc's attack. The yak gores you but does no damage.
The spectral orc warrior hits you but does no damage.
The spectral orc knight hits you with a +0 war axe.
* * * LOW HITPOINT WARNING * * *
You sock the yak!
The yak is severely wounded.
You block the spectral orc's attack.
The catoblepas breathes a plume of calcifying dust at you.
The blast of calcifying dust hits the yak.
The blast of calcifying dust hits you.
* * * LOW HITPOINT WARNING * * *
The yak gores you but does no damage. Nergalle hits you but does no damage.
The spectral orc warrior barely misses you.
The spectral orc knight hits you with a +0 war axe!
You die...

.....................#
#.....
#≈≈#.................#
§≈≈§.................#
§≈#.................#
P#.................#
..........##...####
.... #ZZ## ... ##ZZ# .
#@## ....ZYYYo#
.....ZYYZZ.
.............
.....##........ ....#
...####.. .... ...# .
... ...#


You could see a catoblepas, Nergalle, 4 spectral orcs, 2 spectral orc warriors,
2 spectral orc knights and 4 yaks.

Vanquished Creatures
  5 death yaks (D:7)
  3 two-headed ogres (D:11)
  2 manticores
  A cyclops (D:11)
  Joseph (D:7)
  A cane toad (Lair:1)
  A gargoyle (D:10)
  An unseen horror (D:12)
  A freezing wraith (D:10)
  4 kobold demonologists
  3 trolls
  Grinder (D:6)
  7 slime creatures
  A shadow (D:9)
  16 yaks
  2 wyverns
  3 steam dragons
  2 vampire mosquitoes (D:12)
  A basilisk (D:12)
  An acid dragon (D:12)
  2 water moccasins (D:8)
  3 orc warriors
  Duvessa (D:5)
  A black bear (D:7)
  An ogre (D:6)
  2 ice beasts (D:6)
  A sky beast (D:6)
  9 centaurs
  6 wolves (Lair:1)
  3 kobold brigands
  10 bullfrogs
  A gnoll sergeant (D:10)
  2 scorpions
  4 water moccasin zombies (Ossuary)
  9 wights
  Dowan (D:5)
  34 killer bees
  5 electric eels
  5 howler monkeys
  2 jellies
  A sleepcap (D:5)
  6 orc priests
  6 hounds
  6 iguanas
  A gnoll bouda (D:6)
  Terence (D:2)
  Natasha (twice) (D:4)
  8 orc wizards
  A scorpion zombie (D:3)
  2 mummies (Ossuary)
  16 adders
  9 gnolls
  7 river rats (Sewer)
  A shadow imp (D:7)
  2 white imps
  An ufetubus (D:5)
  An adder zombie (Ossuary)
  A dart slug (D:1)
  40 orcs
  16 ball pythons
  11 endoplasms
  2 giant cockroaches
  7 gnoll zombies (Ossuary)
  7 goblins
  5 hobgoblins
  18 kobolds
  3 quokkas (D:4)
  3 bats (D:3)
  3 frilled lizards
  6 hobgoblin zombies (Ossuary)
  A jackal zombie (D:3)
  6 kobold zombies (Ossuary)
  6 orc zombies (Ossuary)
  A quokka zombie (D:3)
  27 rats
393 creatures vanquished.

Notes
Turn   | Place    | Note
-------+----------+-------------------------------------------
     0 | D:1      | AdnanSaban the Gargoyle Fighter began the quest for the
                  | Orb.
     0 | D:1      | Reached XP level 1. HP: 14/14 MP: 1/1
   290 | D:1      | Reached XP level 2. HP: 18/19 MP: 2/2
   383 | D:1      | Found a faded altar of an unknown god.
   550 | D:2      | Found Gurom's General Store.
   635 | D:2      | Reached XP level 3. HP: 12/23 MP: 3/3
   717 | D:2      | Noticed Terence
   735 | D:2      | Killed Terence
   931 | D:2      | Found Ygaofur's Magic Scroll Shoppe.
   989 | D:2      | Found Jukhlapti's Antique Armour Shop.
  1033 | D:2      | Reached XP level 4. HP: 29/29 MP: 4/4
  1247 | D:2      | Found Egull's Magic Scroll Boutique.
  1344 | D:2      | Found Fyira's Jewellery Shop.
  1351 | D:2      | Reached skill level 3 in Maces & Flails
  1391 | D:2      | Found a runed translucent door.
  1392 | D:2      | Noticed Crazy Yiuf
  1526 | D:3      | Found a basalt altar of Yredelemnul.
  1709 | D:3      | Reached XP level 5. HP: 33/33 MP: 5/5
  1862 | D:3      | Identified the +3 shortbow of the Depths {heavy, rF+}
  1950 | D:3      | Reached skill level 4 in Maces & Flails
  2296 | D:4      | Found a blossoming altar of Fedhas.
  2462 | D:4      | Reached XP level 6. HP: 38/38 MP: 6/6
  2609 | D:4      | Found a glowing drain.
  2613 | Sewer    | Entered a sewer
  3016 | Sewer    | Reached skill level 5 in Maces & Flails
  3045 | Sewer    | Reached skill level 1 in Dodging
  3165 | Sewer    | Reached XP level 7. HP: 15/44 MP: 7/7
  3302 | Sewer    | Reached skill level 5 in Armour
  3545 | D:4      | Identified the +0 plate armour "Fubukhlorch" {rElec rF+
                  | Str+3 Stlth-}
  3934 | D:4      | Noticed Natasha
  3945 | D:4      | Killed Natasha
  4124 | D:5      | Entered Level 5 of the Dungeon
  4280 | D:4      | Noticed Natasha
  4295 | D:4      | Killed Natasha
  4376 | D:5      | Found a sand-covered staircase.
  4401 | D:5      | Reached skill level 6 in Maces & Flails
  4417 | Ossuary  | Entered an ossuary
  4541 | Ossuary  | Reached XP level 8. HP: 39/48 MP: 8/8
  4623 | Ossuary  | Reached skill level 5 in Shields
  4752 | D:5      | Found an iron altar of Okawaru.
  4762 | D:5      | Became a worshipper of Warmaster Okawaru
  4968 | D:5      | Found a staircase to the Ecumenical Temple.
  5173 | D:5      | Noticed a kobold demonologist
  5181 | D:5      | Killed a kobold demonologist
  5182 | D:5      | Reached skill level 5 in Fighting
  5182 | D:5      | Reached skill level 7 in Maces & Flails
  5185 | D:5      | Identified the +10 flail of Frustration {freeze, rF+ Int+3}
  5336 | D:5      | Noticed Dowan
  5337 | D:5      | Noticed Duvessa
  5380 | D:5      | Killed Dowan
  5438 | D:5      | Killed Duvessa
  5492 | D:5      | Found an ornate altar of the Wu Jian Council.
  5817 | D:6      | Reached skill level 8 in Maces & Flails
  5817 | D:6      | Reached XP level 9. HP: 54/54 MP: 9/9
  5820 | D:6      | Found Huyco's Jewellery Boutique.
  5821 | D:6      | Found Jilaur's General Store.
  5842 | D:6      | Reached * piety under Okawaru
  5843 | D:6      | Reached skill level 1 in Stealth
  5915 | D:6      | Noticed Grinder
  6020 | D:6      | Killed Grinder
  6097 | D:6      | Found a sparkling altar of Nemelex Xobeh.
  6120 | D:6      | Found a radiant altar of Vehumet.
  6190 | D:6      | Reached skill level 1 in Throwing
  6300 | D:6      | Reached ** piety under Okawaru
  6391 | D:6      | Found a bloodstained altar of Trog.
  6632 | D:6      | Found Jamokuki's Distillery.
  6652 | D:6      | Found a hazy altar of Hepliaklqana.
  7093 | D:7      | Reached skill level 9 in Maces & Flails
  7369 | D:7      | Reached *** piety under Okawaru
  7391 | D:7      | Noticed Joseph
  7403 | D:7      | Killed Joseph
  7404 | D:7      | Reached XP level 10. HP: 61/61 MP: 10/10
  7788 | D:8      | Noticed a death yak
  7788 | D:8      | Found a staircase to the Lair.
  7789 | D:8      | Noticed a death yak
  7789 | D:8      | Noticed a death yak
  7790 | D:8      | Noticed a death yak
  7791 | D:8      | Noticed a death yak
  8488 | D:8      | Identified the +3 glaive of Oozing Pus {freeze, Str+5}
  8620 | D:7      | Killed a death yak
  8621 | D:7      | Reached skill level 10 in Maces & Flails
  8899 | D:9      | Reached **** piety under Okawaru
  8899 | D:9      | Received a gift from Okawaru
  9162 | D:9      | Reached skill level 1 in Invocations
  9483 | D:9      | Noticed a manticore
  9494 | D:9      | Killed a manticore
  9495 | D:9      | Reached XP level 11. HP: 59/67 MP: 11/13
  9561 | D:9      | Found a shimmering blue altar of Sif Muna.
  9741 | D:9      | Found a white marble altar of Elyvilon.
 10152 | D:10     | Entered Level 10 of the Dungeon
 10250 | D:10     | Received a gift from Okawaru
 10553 | D:10     | Reached ***** piety under Okawaru
 10888 | D:10     | Received a gift from Okawaru
 11329 | D:11     | Reached skill level 11 in Maces & Flails
 11345 | D:11     | Noticed a two-headed ogre
 11356 | D:11     | Killed a two-headed ogre
 11818 | D:11     | Noticed a cyclops
 11826 | D:11     | Noticed a sixfirhy
 11860 | D:11     | Killed a cyclops
 11860 | D:11     | Received a gift from Okawaru
 11968 | D:11     | Noticed a two-headed ogre
 11980 | D:11     | Killed a two-headed ogre
 11981 | D:11     | Reached skill level 10 in Shields
 12032 | D:11     | Noticed a two-headed ogre
 12045 | D:11     | Killed a two-headed ogre
 12046 | D:11     | Reached skill level 5 in Invocations
 12280 | D:12     | Found a staircase to the Orcish Mines.
 12405 | D:12     | Reached XP level 12. HP: 57/75 MP: 6/15
 13062 | D:12     | Reached skill level 12 in Maces & Flails
 13747 | D:12     | Found a portal to a secret trove of treasure.
 13970 | D:7      | Killed a death yak
 14263 | D:7      | Killed a death yak
 14330 | D:7      | Killed a death yak
 14347 | D:7      | Killed a death yak
 14701 | Lair:1   | Entered Level 1 of the Lair of Beasts
 14896 | Lair:1   | Identified the +1 robe of Umiseaph {Rampage rN++ Int-2
                  | Dex+2} (Okawaru gifted it to you on level 1 of the Lair of
                  | Beasts)
 14896 | Lair:1   | Received a gift from Okawaru
 15098 | Lair:1   | Reached ****** piety under Okawaru
 15251 | Lair:1   | Noticed Nergalle
 15281 | Lair:1   | Noticed a catoblepas
 15300 | Lair:1   | HP: 1/77 [catoblepas/blast of calcifying dust (5)]
 15300 | Lair:1   | Demolished by a spectral orc knight

Illustrated notes

Levels and vault maps discovered:
D:1:      psy_arrival_statuary, layout_basic,
          ebering_ecumenical_altar_sacrificial, nicolae_figureground_sparkle
D:2:      layout_basic, serial_shops, shop, shop, shop,
          nicolae_shop_just_a_little_nook, nicolae_shop_gibbet_a_chance,
          uniq_crazy_yiuf_cottage, uniq_terence
D:3:      layout_loops_ring, nicolae_yredelemnul_corpse_copse
D:4:      layout_basic, overflow_temple_1_default, gup_sewer_entry_spiral,
          uniq_natasha
D:5:      layout_cave_pods, kennysheep_little_box, okawaru_ov_weapons_minmay,
          minmay_temple_entry_hall, nicolae_ossuary_entry_false_entrances,
          minmay_small_thing, uniq_duvessa
D:6:      layout_rooms, vehumet_altar_wand_db, lemuel_coloured_pillars_altar,
          nemelex_spade_bored_becter, mainiacjoe_overflow_boulevard,
          serial_shops, nicolae_shop_competitors_out_of_business,
          shop_fountains, shop, kennysheep_potato, uniq_grinder
D:7:      layout_loops_ring, uniq_joseph
D:8:      layout_rooms, dpeg_lair_monsters
D:9:      layout_gridville, nicolae_overflow_hidden_temple, elyvilon_altar_1,
          amcnicky_mini_corridor_feature, serial_park_tiny_pond,
          chequers_big_river
D:10:     layout_cave_pods
D:11:     layout_roguey, serial_bayou_pond_c
D:12:     layout_rooms, david_orc_3, enter_trove_6, kennysheep_cluttered_room
Lair:1:   beast_lair_carwin_large_2, layout_gridlike, uniq_nergalle

Skill      XL: |  1  2  3  4  5  6  7  8  9 10 11 12 |
---------------+-------------------------------------+-----
Maces & Flails | 3 4 5 6 8 9 10 11 12 | 12.8
Armour         | 4 5 7 8 9 |  9.8
Fighting       | 4 5 6 7 8 9 |  9.8
Shields        | 4 6 7 9 10 | 10.8
Dodging        | 1 2 |  2.2
Stealth        | 1 |  1.2
Throwing       | 1 2 |  2.1
Invocations    | 2 5 7 |  7.0

Action                     |  1- 3 |  4- 6 |  7- 9 | 10-12 || total
---------------------------+-------+-------+-------+-------++-------
  Melee: Flail             |    63 |   396 |   550 |  1081 ||  2090
  Throw: Boomerang         |       |       |    11 |    29 ||    40
 Invoke: Heroism           |       |       |       |     4 ||     4
    Use: Potion            |       |       |       |     2 ||     2
 Armour: Scale mail        |    31 |   344 |    13 |       ||   388
         Plate armour      |       |       |   291 |   758 ||  1049
  Dodge: Dodged            |    18 |   316 |   127 |   368 ||   829
  Block: Buckler           |    16 |   154 |    12 |       ||   182
         Kite shield       |       |       |   276 |   688 ||   964

Table legend: (Time is in decaauts)
 A = Elapsed time spent in this place.
 B = Non-inter-level travel time spent in this place.
 C = Inter-level travel time spent in this place.
 D = Time resting spent in this place.
 E = Time spent auto-exploring this place.
 F = Levels seen in this place.
 G = Mean time per level.
                   A        B        C        D        E       F      G
               +--------+--------+--------+--------+--------+-----+--------+
         Total |  15546 |  14475 |   1071 |   1114 |   9537 |  15 | 1036.4 |
       Dungeon |  13784 |  12713 |   1071 |    962 |   8680 |  12 | 1148.7 |
          Lair |    575 |    575 |      0 |      0 |    402 |   1 |  575.0 |
         Sewer |    833 |    833 |      0 |    108 |    332 |   1 |  833.0 |
       Ossuary |    353 |    353 |      0 |     44 |    123 |   1 |  353.0 |
               +--------+--------+--------+--------+--------+-----+--------+

Top non-repeatable levels by time:
     D:7: 2016 daAuts
     D:9: 1357 daAuts
    D:12: 1330 daAuts
     D:4: 1322 daAuts
     D:5: 1233 daAuts
    D:11: 1170 daAuts
    D:10: 1157 daAuts
     D:6: 1027 daAuts
     D:2: 1005 daAuts
     D:3: 945 daAuts
   Sewer: 833 daAuts
     D:8: 779 daAuts
  Lair:1: 575 daAuts
     D:1: 438 daAuts
 Ossuary: 353 daAuts
